 Dungeon Crawl Stone Soup version 0.21.1-1-g345015fe64 (webtiles) character file.

113 Loge the Magician (level 4, 12/36 HPs)
             Began as a Deep Elf Fire Elementalist on July 19, 2018.
             Quit the game on level 3 of the Dungeon.
             The game lasted 00:10:40 (2940 turns).

Loge the Magician (Deep Elf Fire Elementalist)      Turns: 2940, Time: 00:10:40

Health: 12/36      AC: 22    Str: 10    XL:     4   Next: 65%
Magic:  4/12       EV:  2    Int: 26    God:
Gold:   88         SH:  0    Dex: 15    Spells: 1/11 levels left

rFire    . . .     SeeInvis .   h - +0 dagger (venom)
rCold    . . .     Gourm    .   (no shield)
rNeg     + + +     Faith    .   (armour currently unavailable)
rPois    +         Spirit   .   (helmet currently unavailable)
rElec    .         Reflect  .   (cloak currently unavailable)
rCorr    .         Harm     .   (gloves currently unavailable)
MR       .....     NoTele   +   (boots currently unavailable)
Stlth    ++........             (no amulet)
HPRegen  0.12/turn              (no ring)
MPRegen  0.13/turn              (no ring)

@: mighty, brilliant, lethally poisoned (12 -> -6), tree-form
A: no striking features
a: no special abilities


You were on level 3 of the Dungeon.
You were not hungry.
You were a tree.
You visited 1 branch of the dungeon, and saw 3 of its levels.

You collected 88 gold pieces.

Inventory:

Hand Weapons
 h - a +0 dagger of venom (weapon)
Armour
 a - a +0 robe
 r - a cursed +0 leather armour (melded)
Jewellery
 p - a cursed -2 ring of intelligence {unknown}
Scrolls
 d - a scroll of teleportation {unknown}
 f - 2 scrolls of fog {unknown}
 g - a scroll of random uselessness {unknown}
 i - 3 scrolls of identify
 k - 2 scrolls of remove curse {unknown}
 m - a scroll of noise {unknown}
 q - a scroll of amnesia {unknown}
 s - a scroll of enchant weapon {unknown}
Potions
 j - a potion of invisibility
 l - a potion of flight
Books
 b - a book of Flames

   Spells                             Type                      Level
   a - Flame Tongue                   Conjuration/Fire             1
   b - Throw Flame                    Conjuration/Fire             2
   c - Conjure Flame                  Conjuration/Fire             3
   d - Inner Flame                    Hexes/Fire                   3
   e - Sticky Flame                   Conjuration/Fire             4
   f - Fireball                       Conjuration/Fire             5
Comestibles
 c - 6 rations
 o - 5 chunks of flesh


   Skills:
 - Level 2.4 Dodging
 - Level 2.4 Stealth
 + Level 4.2 Spellcasting
 * Level 3.6 Conjurations
 + Level 4.0 Fire Magic


You had one spell level left.
You knew the following spells:

 Your Spells              Type           Power        Failure   Level  Hunger
a - Flame Tongue          Conj/Fire      #####        1%          1    None
b - Throw Flame           Conj/Fire      #####.       1%          2    None
c - Conjure Flame         Conj/Fire      #####...     1%          3    ##.....
d - Sticky Flame          Conj/Fire      #####...     2%          4    ####...


Dungeon Overview and Level Annotations

Branches:
Dungeon (3/15)

Altars:


Message History

You are more poisoned.
You see here a poisoned needle.
You feel sick.
The kobold shoots a poisoned needle.
The poisoned needle closely misses you.
You see here 2 poisoned needles.
You feel sick.
You feel sick.
It was a potion of might.
You feel very mighty all of a sudden.
You feel sick.
It was a potion of brilliance.
You feel clever all of a sudden.
You feel sick.
It was a potion of lignification.
You turn into a tree.
Your cursed +0 leather armour melds into your body.
Your roots penetrate the ground.
You feel sick.
You cannot move.
You cannot move.
Unknown command.
Are you sure you want to abandon this character and quit the game? (Confirm with "yes".)

#.#.##.# #......#
###.#### ###### #.#
.....# #.# ####.# #.#
#(# .# ####.###
#.###.####......##
#............♣...##
#.†.....##.####(..######
#.###...##.##...(.......
#......###.##.#...######
#....#.# #......(##
#....#.# #......(#
#......# #######(#
##...### #[# #...#
#....K.#


There were no monsters in sight!

Vanquished Creatures
  3 adders
  A worm (D:2)
  4 dart slugs
  2 leopard geckos
  9 orcs
  A ball python (D:3)
  5 bats
  A giant cockroach (D:2)
  10 goblins
  6 hobgoblins
  9 kobolds
  A quokka (D:3)
  2 frilled lizards
  7 rats
61 creatures vanquished.

Notes
Turn   | Place    | Note
-------+----------+-------------------------------------------
     0 | D:1      | Loge the Deep Elf Fire Elementalist began the quest for the Orb.
     0 | D:1      | Reached XP level 1. HP: 10/10 MP: 6/6
   267 | D:1      | Reached XP level 2. HP: 15/15 MP: 2/8
   353 | D:1      | Learned a level 2 spell: Throw Flame
   900 | D:1      | Reached XP level 3. HP: 19/19 MP: 7/10
   905 | D:1      | Learned a level 3 spell: Conjure Flame
  1738 | D:2      | Reached XP level 4. HP: 17/24 MP: 3/11
  2812 | D:2      | Learned a level 4 spell: Sticky Flame
  2940 | D:3      | Quit the game

Skill      XL: |  1  2  3  4 |
---------------+-------------+-----
Conjurations   | 2 3 |  3.6
Spellcasting   | 4 |  4.2
Fire Magic     | 4 |  4.0
Dodging        | |  2.4
Stealth        | |  2.4

Action                   |  1- 3 |  4- 6 || total
-------------------------+-------+-------++-------
Melee: Dagger            |     4 |     1 ||     5
 Cast: Flame Tongue      |    38 |    30 ||    68
       Throw Flame       |    27 |    16 ||    43
       Conjure Flame     |       |     4 ||     4
  Use: Potion            |       |     3 ||     3
       Scroll            |       |     2 ||     2
  Eat: Chunk             |     3 |     4 ||     7
Armor: Leather armour    |       |     5 ||     5
Dodge: Dodged            |     7 |    10 ||    17
